 Dungeon Crawl Stone Soup version 0.29.1-2-gbd0b4ee654 (webtiles) character file.

Game seed: 4523761689520765713

21 BaabKaare the Ruffian (level 2, -13/23 HPs)
             Began as a Draconian Transmuter on Nov 9, 2022.
             Killed from afar by Terence (15 damage)
             ... with a bolt of light
             ... on level 2 of the Dungeon.
             The game lasted 00:02:18 (691 turns).

BaabKaare the Ruffian (Draconian Transmuter)         Turns: 691, Time: 00:02:19

Health: -13/23     AC:  4    Str: 12    XL:     2   Next: 65%
Magic:  5/5        EV: 12    Int: 13    God:
Gold:   30         SH:  0    Dex: 11    Spells: 4/5 levels left

rFire   . . .      SeeInvis .     - Unarmed
rCold   . . .      Faith    .   (no shield)
rNeg    . . .      Spirit   .   (body armour unavailable)
rPois   .          Reflect  .   (helmet restricted)
rElec   .          Harm     .   (no cloak)
rCorr   .          Rampage  .   (no gloves)
Will    .....                   (no boots)
Stlth   +.........              (no amulet)
HPRegen 0.07/turn               (no ring)
MPRegen 0.09/turn               (no ring)

@: attractive
A: AC +4, unfitting armour, cold-blooded
a: no special abilities


You were on level 2 of the Dungeon.
You visited 1 branch of the dungeon, and saw 2 of its levels.

You collected 30 gold pieces.

Inventory:

Missiles
 g - 5 stones
Scrolls
 b - a scroll of teleportation {unknown}
 d - a scroll of identify {unknown}
 e - 3 scrolls of noise {unknown}
Potions
 a - a potion of lignification
 f - a potion of curing {unknown}


   Skills:
 + Level 1.1 Fighting
 + Level 2.0 Dodging
 + Level 3.4 Unarmed Combat
 + Level 2.3 Spellcasting
 + Level 2.2 Transmutations


You had 4 spell levels left.
You knew the following spells:

 Your Spells              Type           Power      Damage    Failure   Level
a - Beastly Appendage     Tmut           14%        N/A       10%         1

Your spell library contained the following spells:

 Spells                   Type           Power      Damage    Failure   Level
 Wereblood                Tmut           7%         N/A       16%         2
 Spider Form              Tmut/Pois      4%         N/A       43%         3
 Ice Form                 Ice/Tmut       4%         N/A       83%         4


Dungeon Overview and Level Annotations

Branches:
Dungeon (2/15)

Altars:

Annotations:
D:2 Terence


Innate Abilities, Weirdness & Mutations

Your plain brown scales are hard. (AC +4)
You cannot fit into any form of body armour.
You are cold-blooded and may be slowed by cold attacks.


Message History

g - 5 stones You open the door.
There is an open door here.
You open the door.
Found a leather armour.
There is an open door here.
You see here a +0 leather armour.
A ball python comes into view.
Casting: Beastly Appendage (safe; 10% risk of failure)
Confirm with . or Enter, or press ? or * to list all spells.
You grow a pair of large bovine horns.
Your feet morph into talons.
The ball python hisses angrily.
You enter the shallow water.
Moving in this stuff is going to be slow.
The ball python bites you. The ball python barely misses you.
Terence the Incautious comes into view.
He is wielding a +0 flail and carrying a wand of light (8).
The ball python bites you but does no damage.
The ball python grabs you. The ball python constricts you.
Your unstable footing causes you to fumble your attack.
Terence shouts!
The ball python bites you but does no damage.
The ball python constricts you.
You hit the ball python. Your kick misses the ball python.
You headbutt the ball python.
You kill the ball python!
Your transformation is almost over.
You open the door.
Found a sapphire ring.
There is an open door here.
Terence drinks a potion.
Terence seems to grow stronger.
You completely miss Terence. Your kick misses Terence.
Your headbutt misses Terence. Terence hits you with a +0 flail!!
Ouch! That really hurt!
* * * LOW HITPOINT WARNING * * *
You hit Terence but do no damage. Terence barely misses you.
It was a potion of attraction.
You feel attractive to monsters.
Your horns disappear.
Your talons disappear.
Terence zaps a wand.
The bolt of light hits you!
Ouch! That really hurt!
You die...

..P♣ ♣~PP. #.P.~♣♣P
≈~P. ....~~~♣ ~P~.
...~~~♣♣♣P~#
#....~~≈~~PP##+##+
#..#PP~~~P~P......
#####..#PPP~P†P.......
.......##.PP~@#.=.....
............@.......
....#..[####.......
#####..#...# .######
#...#..#...# .#
##...#..'...+ ..
#....##.#...# ..
#..<.'..#...# ####
#....##.#...# .####
#....##.######.....


You could see Terence (strong).

Vanquished Creatures
  2 dart slugs (D:1)
  2 endoplasms (D:1)
  3 goblins (D:1)
  4 jackals (D:1)
  A ball python (D:2)
  A bat (D:1)
  3 rats (D:1)
16 creatures vanquished.

Vanquished Creatures (others)
  2 plants (D:2)
2 creatures vanquished.

Grand Total: 18 creatures vanquished

Notes
Turn   | Place    | Note
-------+----------+-------------------------------------------
     0 | D:1      | BaabKaare the Draconian Transmuter began the quest for the
                  | Orb.
     0 | D:1      | Reached XP level 1. HP: 16/16 MP: 3/3
   180 | D:1      | Reached XP level 2. HP: 17/23 MP: 3/5
   679 | D:2      | Noticed Terence
   689 | D:2      | HP: 1/23 [Terence/+0 flail (19)]
   691 | D:2      | Killed from afar by Terence

Illustrated notes

Levels and vault maps discovered:
D:1:      sevenhm_arrival_forest_fort_small_3, layout_rooms
D:2:      minmay_spotlight, layout_basic, serial_bayou, serial_bayou_lagoon_a,
          serial_bayou_shore_b, serial_bayou_ford_a, serial_bayou_pond_e,
          uniq_terence

Skill      XL: |  1  2 |
---------------+-------+-----
Dodging        | 2 |  2.0
Fighting       | |  1.1
Unarmed Combat | |  3.4
Spellcasting   | |  2.3
Transmutations | |  2.2

Action                   || total
-------------------------++-------
Melee: Unarmed           ||    35
       Kick              ||     8
       Headbutt          ||     6
       Tailslap          ||     3
       Punch             ||     1
 Cast: Beastly Appendage ||    11
  Use: Potion            ||     1
Armor: Skin              ||    10
Dodge: Dodged            ||    21
